 Dungeon Crawl Stone Soup version 0.19-a0-1886-gd64a0f0 (webtiles) character file.

1740 Theye the Chopper (level 8, 0/62 HPs)
             Began as a Mummy Fighter on Oct 15, 2016.
             Incinerated by a mottled dragon (7 damage)
             ... with a sticky flame
             ... on level 5 of the Dungeon.
             The game lasted 00:11:11 (6809 turns).

Theye the Chopper (Mummy Fighter)                   Turns: 6809, Time: 00:11:11

Health: 0/62       AC: 11    Str: 24    XL:     8   Next: 77%
Magic:  8/8        EV: 10    Int:  7    God:    Xom [*.....]
Gold:   344        SH: 10    Dex: 13    Spells: 0 memorised, 7 levels left

rFire  x . .     SeeInvis .     a - +1 war axe
rCold  + . .     Gourm    .     h - +0 ring mail
rNeg   + + +     Faith    .     c - +0 shield
rPois  ∞         Spirit   .     o - +0 helmet
rElec  .         Dismiss  .     q - +2 cloak {MR+}
rCorr  .         Reflect  .     (no gloves)
MR     +++..     Harm     .     g - +0 pair of boots
Stlth  +.........               (no amulet)
                                j - +4 ring of strength
                                d - ring of protection from magic

@: liquid flames, about to teleport, very slightly contaminated, glowing
A: no food or potions, fire vulnerability, cold resistance 1, negative energy
resistance 3, torment resistance, unbreathing
a: Renounce Religion


You were on level 5 of the Dungeon.
You worshipped Xom.
You were a special plaything of Xom.
You were not hungry.

You visited 2 branches of the dungeon, and saw 7 of its levels.
You visited the Abyss 1 time.

You collected 344 gold pieces.

Inventory:

Hand Weapons
 a - a +1 war axe (weapon)
Armour
 c - a +0 shield (worn)
 g - a +0 pair of boots (worn)
 h - a +0 ring mail (worn)
 o - a +0 helmet (worn)
 p - a +0 plate armour
 q - a +2 cloak of magic resistance (worn)
 t - a +2 scale mail of fire resistance
Magical Staves
 r - an uncursed staff of power
Jewellery
 d - a ring of protection from magic (left hand)
 j - a +4 ring of strength (right hand)
 l - a +3 ring of intelligence
 n - an uncursed amulet of dismissal
Wands
 m - a wand of flame (16/48)
Scrolls
 e - a scroll of fog
 i - 2 scrolls of random uselessness
 k - 2 scrolls of teleportation
 s - a scroll of noise {unknown}
Books
 f - a book of Necromancy

   Spells                             Type                      Level
   a - Pain                           Necromancy                   1
   b - Animate Skeleton               Necromancy                   1
   c - Vampiric Draining              Necromancy                   3
   d - Regeneration                   Charms/Necromancy            3
   e - Animate Dead                   Necromancy                   4
   f - Control Undead                 Necromancy                   4


   Skills:
 + Level 5.1 Fighting
 + Level 5.5 Axes
 + Level 5.0 Armour
 + Level 2.7 Dodging
 + Level 4.6 Shields
 + Level 1.0 Evocations


You had 7 spell levels left.
You didn't know any spells.

Dungeon Overview and Level Annotations

Branches:
Dungeon (6/15)             Temple (1/1) D:4

Altars:
Ashenzari
Cheibriados
Dithmenos
Elyvilon
Gozag
Hepliaklqana
Kikubaaqudgha
Makhleb
Nemelex Xobeh
Okawaru
Sif Muna
Uskayaw
Vehumet
Xom
Yredelemnul
Zin
The Shining One

Annotations:
D:6 exclusion: door, Tux's ghost, novice DEFE


Innate Abilities, Weirdness & Mutations

You do not eat or drink.
Your flesh is vulnerable to fire.
You are immune to poison.
Your flesh is cold resistant. (rC+)
You are immune to negative energy. (rN+++)
You are immune to unholy pain and torment.
You can survive without breathing.


Message History

You are covered in liquid flames!
* * * LOW HITPOINT WARNING * * *
You are too injured to fight recklessly!
Unknown command.
You are too injured to fight recklessly!
Unknown command.
You are too injured to fight recklessly!
You are too injured to fight recklessly!
Blink to where?
Press: ? - help, Dir - move target cursor You are very lightly contaminated with residual magic.
As you read the scroll of blinking, it crumbles to dust.
You are covered in liquid flames!
* * * LOW HITPOINT WARNING * * *
As you read the scroll of teleportation, it crumbles to dust.
You feel strangely unstable.
You are covered in liquid flames!
* * * LOW HITPOINT WARNING * * *
You are covered in liquid flames!
You die...

#.(..# ########. #.##(#
##.....#.. #.##.###
##........# #......#
#.........# #......#
#.........# #..._..#
#>........# ##.....#
#.........#
#.....########.........#
#####..@....((s.....).##
##########.D...<<..#
#..D<[.<..# #..%......#
#.........# #....)....#
##.......## ##.....##
#######


You could see a scorpion.

Vanquished Creatures
  Prince Ribbit (D:5)
  Eustachio (D:5)
  Menkaure (D:5)
  A sky beast (D:5)
  A black bear (D:6)
  An ice beast (D:5)
  3 centaurs (D:5)
  A bullfrog (D:4)
  A scorpion (D:6)
  A hound (D:6)
  2 orc wizards
  A worker ant (D:4)
  A hound skeleton (D:4)
  10 adders
  A shadow imp (D:5)
  2 oozes (D:2)
  An adder zombie (D:6)
  4 worms
  A dart slug (D:2)
  2 leopard geckos
  10 orcs
  4 giant cockroaches
  8 goblins
  7 hobgoblins
  3 jackals (D:1)
  A quokka (D:3)
  A ball python (D:1)
  8 bats
  4 frilled lizards
  5 kobolds
  A leopard gecko skeleton (D:4)
  A quokka skeleton (D:5)
  6 rats
96 creatures vanquished.

Vanquished Creatures (collateral kills)
  The ghost of brucemayne the Cleaver, a novice HOMo of Makhleb (D:5)
  Duvessa (D:5)
  An ogre (D:5)
  Blork the orc (D:5)
  Dowan (D:5)
  A hound (D:5)
6 creatures vanquished.

Vanquished Creatures (others)
  A ball lightning (D:6)
  An orc (D:5)
2 creatures vanquished.

Grand Total: 104 creatures vanquished

Notes
Turn   | Place    | Note
-------+----------+-------------------------------------------
     0 | D:1      | Theye the Mummy Fighter began the quest for the Orb.
     0 | D:1      | Reached XP level 1. HP: 18/18 MP: 1/1
   405 | D:1      | Reached XP level 2. HP: 24/24 MP: 2/2
  1032 | D:2      | Reached XP level 3. HP: 22/29 MP: 3/3
  1459 | D:2      | Found a white marble altar of Elyvilon.
  1724 | D:2      | Reached XP level 4. HP: 35/35 MP: 4/4
  1856 | D:2      | Found a glowing golden altar of the Shining One.
  2288 | D:3      | Found a hazy altar of Hepliaklqana.
  2368 | D:3      | Found an opulent altar of Gozag.
  2502 | D:3      | Reached skill level 1 in Dodging
  2502 | D:3      | Reached XP level 5. HP: 31/41 MP: 5/5
  2980 | D:4      | Found an ancient bone altar of Kikubaaqudgha.
  3115 | D:4      | Found a staircase to the Ecumenical Temple.
  3283 | D:4      | Got a smoking robe
  3286 | D:4      | Identified the +2 robe of the Yeti {rN+} (You found it on level 4 of the Dungeon)
  3340 | D:4      | Reached XP level 6. HP: 35/47 MP: 6/6
  3404 | Temple   | Entered the Ecumenical Temple
  3415 | Temple   | Became a worshipper of Xom of Chaos
  3775 | D:5      | Entered Level 5 of the Dungeon
  3881 | D:5      | XOM: harmless Air miscast
  3913 | D:5      | Noticed a sky beast
  3921 | D:5      | Killed a sky beast
  3949 | D:5      | XOM: divination: detect creatures
  4040 | D:5      | Found a shimmering altar of Xom.
  4145 | D:5      | Reached XP level 7. HP: 50/53 MP: 7/7
  4159 | D:5      | Noticed Prince Ribbit
  4169 | D:6      | XOM: cast spell 'Conjure Ball Lightning'
  4236 | D:6      | Noticed Tux's ghost (novice DEFE)
  4284 | D:5      | XOM: fog
  4330 | D:6      | XOM: cleaving
  4423 | D:6      | XOM: 1-stop teleportation journey
  4471 | D:6      | XOM: cast spell 'Shadow Creatures'
  4598 | D:5      | XOM: summons friendly ufetubus
  4606 | D:5      | XOM: summons 3 friendly demons
  4882 | D:5      | XOM: harmless Air miscast
  4952 | D:5      | Noticed Menkaure
  4964 | D:5      | Killed Menkaure
  5084 | D:5      | Found a faded altar of an unknown god.
  5084 | D:5      | Found a faded altar of an unknown god.
  5090 | D:5      | Found a hide-covered altar of Uskayaw.
  5092 | D:5      | Found a faded altar of an unknown god.
  5094 | D:5      | Found a faded altar of an unknown god.
  5103 | D:5      | XOM: god gift: runed cloak {god gift}
  5152 | D:5      | XOM: scenery: create altars
  5193 | D:5      | XOM: god gift: curved smoking staff {god gift}
  5287 | D:5      | XOM: scenery: create altars
  5354 | D:5      | Reached XP level 8. HP: 61/61 MP: 8/8
  5383 | D:5      | Noticed Eustachio
  5389 | D:5      | Killed Eustachio
  5419 | D:5      | Noticed brucemayne's ghost (novice HOMo)
  5420 | D:5      | Noticed Dowan
  5422 | D:5      | Noticed Duvessa
  5423 | D:5      | Noticed Blork the orc
  5424 | D:5      | Killed brucemayne's ghost
  5424 | D:5      | Reached skill level 5 in Axes
  5427 | D:5      | Killed Blork the orc
  5430 | D:5      | Reached skill level 5 in Fighting
  5432 | D:5      | Killed Duvessa
  5435 | D:5      | Killed Dowan
  5454 | D:5      | Found a burning altar of Makhleb.
  5820 | D:6      | Found a deep blue altar of Sif Muna.
  5869 | D:6      | XOM: god gift: gold wand {god gift}
  5921 | D:6      | XOM: medium Pois miscast
  5933 | D:6      | Cast into level 2 of the Abyss (orc warrior)
  5955 | Abyss:2  | XOM: divination: detect creatures
  5960 | Abyss:2  | XOM: swap monsters
  5991 | Abyss:2  | Noticed a hellwing
  6019 | Abyss:2  | XOM: mild Necr miscast
  6214 | Abyss:2  | Noticed a raiju
  6215 | Abyss:2  | Noticed a raiju
  6236 | Abyss:2  | XOM: polymorph ynoxinul -> neqoxec
  6245 | Abyss:2  | XOM: swap monsters
  6269 | Abyss:2  | Noticed an ancient zyme
  6291 | Abyss:2  | XOM: enchant monster (good)
  6292 | Abyss:2  | XOM: fake destruction
  6298 | Abyss:2  | XOM: harmless Ice miscast
  6300 | Abyss:2  | Noticed a freezing wraith
  6304 | Abyss:2  | XOM: cleaving
  6306 | D:6      | Escaped the Abyss
  6426 | D:5      | Killed Prince Ribbit
  6426 | D:5      | Reached skill level 5 in Armour
  6426 | D:5      | Reached skill level 1 in Evocations
  6552 | D:5      | XOM: summons 3 hostile shadow creatures
  6758 | D:5      | XOM: noise
  6800 | D:5      | XOM: polymorph centaur -> mottled dragon
  6809 | D:5      | Incinerated by a mottled dragon

Vault maps used:
D:1:      dpeg_arrival_brainrot
D:2:      lemuel_round_altar, first_bread, hangedman_decor_growths,
          nicolae_tso_swordbearing_angel
D:3:      lemuel_round_altar, minivault_19, grunt_gozag_breadcrumbs
D:4:      kennysheep_little_box
D:5:      chequers_temple_overflow_minitemple, basic_altar,
          makhleb_blood_cavern_becter, uniq_eustachio, uniq_prince_ribbit1,
          uniq_menkaure, uniq_blork_the_orc, uniq_duvessa
D:6:      led_sif_book, kennysheep_mini_moat, enter_ossuary_1,
          hangedman_abyss_or_decor_stabs, kennysheep_windowed_goal
Temple:   nicolae_temple_hex_pool

Skill      XL: |  1  2  3  4  5  6  7  8 |
---------------+-------------------------+-----
Axes           | 2 3 4 5 |  5.5
Armour         | 3 4 5 |  5.0
Shields        | 3 4 |  4.6
Dodging        | 1 2 |  2.7
Fighting       | 4 5 |  5.1
Evocations     | 1 |  1.0

Action                   |  1- 3 |  4- 6 |  7- 9 || total
-------------------------+-------+-------+-------++-------
Melee: War axe           |   125 |   129 |   159 ||   413
Evoke: Wand              |       |     4 |    13 ||    17
  Use: Scroll            |       |     6 |    10 ||    16
 Stab: Distracted        |       |       |     1 ||     1
       Confused          |       |       |     1 ||     1
Armor: Scale mail        |    68 |    15 |       ||    83
       Ring mail         |       |    33 |    68 ||   101
Dodge: Dodged            |    50 |    47 |    72 ||   169
Block: Shield            |    78 |    86 |   117 ||   281
